PAA
TACOMA FUR TRADERS @ NORTHVILLE ECLIPSE
07/12/2026
 
TOP OF THE 1ST
Tacoma Fur Traders batting - Pitching for Northville Eclipse : LHP Xavier Padilla
Pitching: LHP Xavier Padilla
Batting: RHB Andy Moore 0-0: Called Strike
0-1: Foul Ball, location: 2F
0-2: SINGLE (Flyball, 78M)
Batting: RHB Luis Flores 0-0: Ball
1-0: Ball
2-0: Ground out 6-3 (Groundball, 6S)
Andy Moore to second
Batting: RHB Iván Rodríguez 0-0: Ball
1-0: Ball
2-0: Foul Ball, location: 2F
2-1: SINGLE (Line Drive, 4M)
Andy Moore to third
Runner from 3rd tries for Home, SAFE, no throw
Batting: RHB Xavier Pérez 0-0: Called Strike
0-1: Ball
1-1: Foul Ball, location: 2F
1-2: Strikes out swinging
Batting: LHB Felipe Trujillo 0-0: SINGLE (Flyball, 78S)
Iván Rodríguez to second
Batting: LHB Michael Whorton 0-0: Ball
1-0: Foul Ball, location: 2F
1-1: Called Strike
1-2: Ball
2-2: Ball
3-2: Base on Balls
Iván Rodríguez to third
Felipe Trujillo to second
Batting: RHB Tim Lehman 0-0: Called Strike
0-1: Ball
1-1: Swinging Strike
1-2: Foul Ball, location: 2F
1-2: Strikes out swinging
Top of the 1st over - 1 run(s), 3 hit(s), 0 error(s), 3 left on base; Tacoma 1 - Northville 0
BOTTOM OF THE 1ST
Northville Eclipse batting - Pitching for Tacoma Fur Traders : LHP César Rosado
Pitching: LHP César Rosado
Batting: RHB José Silva 0-0: Foul Ball, location: 2F
0-1: Ball
1-1: Ball
2-1: Ground out U3 (Groundball, 3L)
Batting: RHB Dave Shaw 0-0: Called Strike
0-1: Ball
1-1: Foul Ball, location: 2F
1-2: Strikes out looking
Batting: RHB José Sánchez 0-0: Foul Ball, location: 2F
0-1: SINGLE (Groundball, 34D)
Batting: RHB Luis Hernández 0-0: Foul Ball, location: 2F
0-1: Ball
1-1: Fly out, F8 (Flyball, 8RM)
Bottom of the 1st over - 0 run(s), 1 hit(s), 0 error(s), 1 left on base; Tacoma 1 - Northville 0
TOP OF THE 2ND
Tacoma Fur Traders batting - Pitching for Northville Eclipse : LHP Xavier Padilla
Batting: RHB Britt Lynch 0-0: Called Strike
0-1: Foul Ball, location: 2F
0-2: Ball
1-2: Strikes out looking
Batting: RHB Carlos Correa 0-0: Ball
1-0: Swinging Strike
1-1: Ball
2-1: Fly out, F8 (Flyball, 8LM)
Batting: RHB Andy Moore 0-0: Bunt missed!
0-1: Ball
1-1: Ball
2-1: Ball
3-1: Base on Balls
Batting: RHB Luis Flores 0-0: Ball
1-0: Foul Ball, location: 2F
1-1: Foul Ball, location: 2F
1-2: Ball
2-2: Fly out, F8 (Flyball, 89M)
Top of the 2nd over - 0 run(s), 0 hit(s), 0 error(s), 1 left on base; Tacoma 1 - Northville 0
BOTTOM OF THE 2ND
Northville Eclipse batting - Pitching for Tacoma Fur Traders : LHP César Rosado
Batting: RHB Cosmo Bjorkenheim 0-0: Called Strike
0-1: Fly out, F5 (Line Drive, 5L)
Batting: RHB Alfonso Grappasonni 0-0: Ball
1-0: Ball
2-0: Ball
3-0: Called Strike
3-1: Fly out, F8 (Line Drive, 8RXD)
Batting: RHB King Tracy 0-0: Ball
1-0: Called Strike
1-1: Ground out 5-3 (Groundball, 5L)
Bottom of the 2nd over - 0 run(s), 0 hit(s), 0 error(s), 0 left on base; Tacoma 1 - Northville 0
TOP OF THE 3RD
Tacoma Fur Traders batting - Pitching for Northville Eclipse : LHP Xavier Padilla
Batting: RHB Iván Rodríguez 0-0: Ball
1-0: Ball
2-0: Ball
3-0: Base on Balls
Batting: RHB Xavier Pérez 0-0: Called Strike
0-1: Ball
1-1: Called Strike
1-2: Foul Ball, location: 2F
1-2: Ball
2-2: Ball
3-2: Foul Ball, location: 2F
3-2: Base on Balls
Iván Rodríguez to second
Batting: LHB Felipe Trujillo 0-0: Ball
1-0: Foul Ball, location: 2F
1-1: Ball
2-1: Foul Ball, location: 2F
2-2: Fly out, F7 (Flyball, 7S)
Batting: LHB Michael Whorton 0-0: Ball
1-0: Ball
2-0: Called Strike
2-1: SINGLE (Groundball, 34D)
Iván Rodríguez to third
Xavier Pérez to second
Runner from 3rd tries for Home, SAFE, throw made home
Xavier Pérez to third
Michael Whorton to second
Batting: RHB Tim Lehman 0-0: Fly out, F2 (Popup, 3S)
Batting: RHB Britt Lynch 0-0: Ball
1-0: Ball
2-0: SINGLE (Groundball, 6MD)
Xavier Pérez scores
Michael Whorton to third
Runner from 3rd tries for Home, SAFE, no throw
Batting: RHB Carlos Correa 0-0: Called Strike
0-1: Ball
1-1: Ball
2-1: Swinging Strike
2-2: DOUBLE (Flyball, 78M)
Britt Lynch to third
Batting: RHB Andy Moore 0-0: Ball
1-0: Foul Ball, location: 2F
1-1: Ball
2-1: SINGLE (Line Drive, 4MD)
Britt Lynch scores
Carlos Correa to third
Runner from 3rd tries for Home, SAFE, no throw
Batting: RHB Luis Flores 0-0: Foul Ball, location: 2F
0-1: Swinging Strike
0-2: Ball
1-2: Strikes out swinging
Top of the 3rd over - 5 run(s), 4 hit(s), 0 error(s), 1 left on base; Tacoma 6 - Northville 0
BOTTOM OF THE 3RD
Northville Eclipse batting - Pitching for Tacoma Fur Traders : LHP César Rosado
Batting: RHB Alfonso López 0-0: Called Strike
0-1: Ball
1-1: Ground out 1-3 (Groundball, P)
Batting: RHB Darby Carveth 0-0: Called Strike
0-1: Ball
1-1: Ball
2-1: Ball
3-1: Swinging Strike
3-2: Foul Ball, location: 2F
3-2: Foul Ball, location: 2F
3-2: Foul Ball, location: 2F
3-2: Base on Balls
Batting: RHB José Silva 0-0: Ball
1-0: Ball
2-0: Foul Ball, location: 2F
2-1: Called Strike
2-2: Ball
3-2: Fly out, F8 (Flyball, 8LM)
Batting: RHB Dave Shaw 0-0: Called Strike
0-1: Ball
1-1: Ball
2-1: Ball
3-1: Called Strike
3-2: Ground out 5-3 (Groundball, 56)
Bottom of the 3rd over - 0 run(s), 0 hit(s), 0 error(s), 1 left on base; Tacoma 6 - Northville 0
TOP OF THE 4TH
Tacoma Fur Traders batting - Pitching for Northville Eclipse : LHP Xavier Padilla
Batting: RHB Iván Rodríguez 0-0: Ball
1-0: Ground out 6-3 (Groundball, 6)
Batting: RHB Xavier Pérez 0-0: Called Strike
0-1: Ball
1-1: Foul Ball, location: 2F
1-2: Ball
2-2: Ball
3-2: Foul Ball, location: 2F
3-2: Ground out 4-3 (Groundball, 4)
Batting: LHB Felipe Trujillo 0-0: Foul Ball, location: 2F
0-1: Ball
1-1: Foul Ball, location: 2F
1-2: Ball
2-2: Reached on error, E4 (Groundball, 4)
Batting: LHB Michael Whorton 0-0: Ball
1-0: Foul Ball, location: 2F
1-1: Foul Ball, location: 2F
1-2: Ball
2-2: Foul Ball, location: 2F
2-2: Ball
3-2: Ground out 4-3 (Groundball, 34)
Top of the 4th over - 0 run(s), 0 hit(s), 1 error(s), 1 left on base; Tacoma 6 - Northville 0
BOTTOM OF THE 4TH
Northville Eclipse batting - Pitching for Tacoma Fur Traders : LHP César Rosado
Batting: RHB José Sánchez 0-0: Ball
1-0: Ball
2-0: Ball
3-0: Called Strike
3-1: Fly out, F7 (Flyball, 7LM)
Batting: RHB Luis Hernández 0-0: Fly out, F4 (Line Drive, 4)
Batting: RHB Cosmo Bjorkenheim 0-0: Swinging Strike
0-1: Ball
1-1: SOLO HOME RUN (Flyball, 7LD), Distance : 359 ft
Batting: RHB Alfonso Grappasonni 0-0: Ball
1-0: Ball
2-0: Fly out, F8 (Flyball, 8RM)
Bottom of the 4th over - 1 run(s), 1 hit(s), 0 error(s), 0 left on base; Tacoma 6 - Northville 1
TOP OF THE 5TH
Tacoma Fur Traders batting - Pitching for Northville Eclipse : LHP Xavier Padilla
Pitching: RHP Bernaldyn Cnova
Batting: RHB Tim Lehman 0-0: Ball
1-0: Ball
2-0: Ball
3-0: Base on Balls
Batting: RHB Britt Lynch 0-0: Ball
1-0: Ball
2-0: Ball
3-0: Base on Balls
Tim Lehman to second
Batting: RHB Carlos Correa 0-0: Bunted foul
0-1: Ball
1-1: Reached on error, E1 (Groundball, 13)
Tim Lehman scores
Britt Lynch to third
Batting: RHB Andy Moore 0-0: Ball
1-0: Ball
2-0: Called Strike
2-1: Ball
3-1: Base on Balls
Batting: RHB Luis Flores 0-0: Called Strike
0-1: Fly out, F8 (Flyball, 78D)
Runner from 3rd tags up, SCORES, no throw
Batting: RHB Iván Rodríguez 0-0: Foul Ball, location: 2F
0-1: Ball
1-1: Called Strike
1-2: Foul Ball, location: 2F
1-2: Foul Ball, location: 2F
1-2: 3-RUN HOME RUN (Flyball, 7D), Distance : 400 ft
Pitching: RHP Roelof van den Hoek
Batting: RHB Xavier Pérez 0-0: Ball
1-0: Foul Ball, location: 2F
1-1: Fly out, F9 (Flyball, 89M)
Batting: LHB Felipe Trujillo 0-0: Ground out U3 (Groundball, 3L)
Top of the 5th over - 5 run(s), 1 hit(s), 1 error(s), 0 left on base; Tacoma 11 - Northville 1
BOTTOM OF THE 5TH
Northville Eclipse batting - Pitching for Tacoma Fur Traders : LHP César Rosado
Batting: RHB King Tracy 0-0: Called Strike
0-1: Swinging Strike
0-2: Ball
1-2: Foul Ball, location: 2F
1-2: Ball
2-2: Strikes out looking
Batting: RHB Alfonso López 0-0: Called Strike
0-1: Foul Ball, location: 2F
0-2: DOUBLE (Line Drive, 78M)
Batting: RHB Darby Carveth 0-0: Foul Ball, location: 2F
0-1: Ball
1-1: Called Strike
1-2: Foul Ball, location: 2F
1-2: Fly out, F8 (Flyball, 8RD)
Runner from 2nd tags up, SAFE at 3rd, no throw
Batting: RHB José Silva 0-0: Ball
1-0: Ball
2-0: SINGLE (Line Drive, 56D)
Alfonso López scores
Batting: RHB Dave Shaw 0-0: Called Strike
0-1: Ball
1-1: Called Strike
1-2: Ball
2-2: Foul Ball, location: 2F
2-2: Ball
3-2: Foul Ball, location: 2F
3-2: Strikes out swinging
Bottom of the 5th over - 1 run(s), 2 hit(s), 0 error(s), 1 left on base; Tacoma 11 - Northville 2
TOP OF THE 6TH
Tacoma Fur Traders batting - Pitching for Northville Eclipse : RHP Roelof van den Hoek
Batting: LHB Michael Whorton 0-0: Ball
1-0: Called Strike
1-1: Foul Ball, location: 2F
1-2: Foul Ball, location: 2F
1-2: Ball
2-2: Strikes out swinging
Batting: RHB Tim Lehman 0-0: Called Strike
0-1: Swinging Strike
0-2: Ball
1-2: Ball
2-2: Ball
3-2: Base on Balls
Batting: RHB Britt Lynch 0-0: SINGLE (Groundball, 6D)
Tim Lehman to second
Batting: RHB Carlos Correa 0-0: Reached on error, E6 (Line Drive, 6)
Tim Lehman to third
Britt Lynch to second
Batting: RHB Andy Moore 0-0: Ball
1-0: Fielders Choice at 2nd, 5-4 (Groundball, 56)
Tim Lehman scores
Britt Lynch to third
Batting: RHB Luis Flores
Pinch Hitting: SHB Carlos Alicea 0-0: Ball
1-0: Called Strike
1-1: Ball
2-1: Called Strike
2-2: Ball
3-2: SINGLE (Flyball, 89S)
Britt Lynch scores
Andy Moore to second
Andy Moore to third
Batting: RHB Iván Rodríguez 0-0: Fielders Choice at 2nd, 4-6 (Groundball, 4)
Top of the 6th over - 2 run(s), 2 hit(s), 1 error(s), 1 left on base; Tacoma 13 - Northville 2
BOTTOM OF THE 6TH
Northville Eclipse batting - Pitching for Tacoma Fur Traders : LHP César Rosado
Now at SS: Carlos Alicea
Batting: RHB José Sánchez 0-0: Ball
1-0: Swinging Strike
1-1: Foul Ball, location: 2F
1-2: Strikes out swinging
Batting: RHB Luis Hernández 0-0: Called Strike
0-1: Ball
1-1: SINGLE (Flyball, 7S)
Batting: RHB Cosmo Bjorkenheim 0-0: Ball
1-0: Called Strike
1-1: SINGLE (Groundball, 4S) (infield hit)
Luis Hernández to second
Batting: RHB Alfonso Grappasonni 0-0: Ball
1-0: Called Strike
1-1: Fly out, F7 (Flyball, 7)
Batting: RHB King Tracy 0-0: Called Strike
0-1: Foul Ball, location: 2F
0-2: Foul Ball, location: 2F
0-2: Fly out, F8 (Flyball, 8LS)
Bottom of the 6th over - 0 run(s), 2 hit(s), 0 error(s), 2 left on base; Tacoma 13 - Northville 2
TOP OF THE 7TH
Tacoma Fur Traders batting - Pitching for Northville Eclipse : RHP Roelof van den Hoek
Batting: RHB Xavier Pérez 0-0: Called Strike
0-1: Foul Ball, location: 2F
0-2: Strikes out looking
Pinch Hitting: LHB Dave Knight 0-0: Called Strike
0-1: Foul Ball, location: 2F
0-2: Ball
1-2: Ball
2-2: Fly out, F9 (Flyball, 89S)
Batting: LHB Michael Whorton 0-0: Swinging Strike
0-1: Foul Ball, location: 2F
0-2: Strikes out swinging
Top of the 7th over - 0 run(s), 0 hit(s), 0 error(s), 0 left on base; Tacoma 13 - Northville 2
BOTTOM OF THE 7TH
Northville Eclipse batting - Pitching for Tacoma Fur Traders : LHP César Rosado
Now in LF: Dave Knight
Batting: RHB Alfonso López 0-0: Fly out, F8 (Flyball, 8RS)
Batting: RHB Darby Carveth 0-0: Ball
1-0: Fly out, F9 (Line Drive, 89M)
Batting: RHB José Silva 0-0: Called Strike
0-1: Ball
1-1: Swinging Strike
1-2: Ball
2-2: Ground out 5-3 (Groundball, 56)
Bottom of the 7th over - 0 run(s), 0 hit(s), 0 error(s), 0 left on base; Tacoma 13 - Northville 2
TOP OF THE 8TH
Tacoma Fur Traders batting - Pitching for Northville Eclipse : RHP Roelof van den Hoek
Batting: RHB Tim Lehman 0-0: Swinging Strike
0-1: Ground out 4-3 (Groundball, 4)
Batting: RHB Britt Lynch 0-0: Ball
1-0: Ball
2-0: Called Strike
2-1: Swinging Strike
2-2: Strikes out swinging
Batting: RHB Carlos Correa 0-0: Swinging Strike
0-1: Ball
1-1: Ball
2-1: Called Strike
2-2: SINGLE (Groundball, 56S) (infield hit)
Batting: RHB Andy Moore 0-0: Called Strike
0-1: Ball
1-1: Ball
2-1: Foul Ball, location: 2F
2-2: Foul Ball, location: 2F
2-2: Fielders Choice at 2nd, U4 (Groundball, 4M)
Top of the 8th over - 0 run(s), 1 hit(s), 0 error(s), 1 left on base; Tacoma 13 - Northville 2
BOTTOM OF THE 8TH
Northville Eclipse batting - Pitching for Tacoma Fur Traders : LHP César Rosado
Batting: RHB Dave Shaw 0-0: Ball
1-0: Foul Ball, location: 2F
1-1: Swinging Strike
1-2: Foul Ball, location: 2F
1-2: Strikes out swinging
Pitching: RHP Brooks Dempsey
Batting: RHB José Sánchez 0-0: Called Strike
0-1: Ball
1-1: Called Strike
1-2: Ball
2-2: Ball
3-2: Strikes out swinging
Batting: RHB Luis Hernández 0-0: Ball
1-0: Ball
2-0: Foul Ball, location: 2F
2-1: SINGLE (Groundball, 4MD)
Batting: RHB Cosmo Bjorkenheim 0-0: Called Strike
0-1: Ball
1-1: Ground out 6-3 (Groundball, 6S)
Bottom of the 8th over - 0 run(s), 1 hit(s), 0 error(s), 1 left on base; Tacoma 13 - Northville 2
TOP OF THE 9TH
Tacoma Fur Traders batting - Pitching for Northville Eclipse : RHP Roelof van den Hoek
Pitching: RHP Eric Clark
Batting: SHB Carlos Alicea 0-0: Ball
1-0: Swinging Strike
1-1: Foul Ball, location: 2F
1-2: Ground out 4-3 (Groundball, 34)
Batting: RHB Iván Rodríguez 0-0: Ball
1-0: DOUBLE (Line Drive, 78XD)
Batting: RHB Xavier Pérez 0-0: Fly out, F7 (Line Drive, 7S)
Batting: LHB Dave Knight 0-0: Called Strike
0-1: Ball
1-1: Foul Ball, location: 2F
1-2: SINGLE (Groundball, 4) (infield hit)
Iván Rodríguez to third
Batting: LHB Michael Whorton 0-0: Ball
1-0: Ball
2-0: Called Strike
2-1: Called Strike
2-2: Fielders Choice at 2nd, 4-6 (Groundball, 4)
Top of the 9th over - 0 run(s), 2 hit(s), 0 error(s), 1 left on base; Tacoma 13 - Northville 2
BOTTOM OF THE 9TH
Northville Eclipse batting - Pitching for Tacoma Fur Traders : RHP Brooks Dempsey
Batting: RHB Alfonso Grappasonni 0-0: Ball
1-0: Fly out, F9 (Flyball, 9)
Batting: RHB King Tracy 0-0: Ball
1-0: Ball
2-0: Ball
3-0: Base on Balls
Batting: RHB Alfonso López 0-0: Called Strike
0-1: Ball
1-1: Ball
2-1: Grounds into double play, 5-4-3 (Groundball, 56)
Bottom of the 9th over - 0 run(s), 0 hit(s), 0 error(s), 0 left on base; Tacoma 13 - Northville 2
Monday, March 20th, 2017 - OOTP Baseball 17.12 Build 75